 Dungeon Crawl Stone Soup version 0.26.0-10-g1f06aea511 (webtiles) character file.

Game seed: 8551028738312996795

53 Borgoz the Cudgeller (level 3, 0/30 HPs)
             Began as a Ghoul Gladiator on Jan 15, 2021.
             Slain by a hobgoblin
             ... wielding a +0 whip
              (6 damage)
             ... on level 2 of the Dungeon.
             The game lasted 00:01:39 (1464 turns).

Borgoz the Cudgeller (Ghoul Gladiator)              Turns: 1464, Time: 00:01:39

Health: 0/30       AC:  4    Str: 17    XL:     3   Next: 89%
Magic:  2/2        EV: 12    Int:  3    God:
Gold:   74         SH:  0    Dex: 11    Spells: 2/2 levels left

rFire    . . .     SeeInvis .   a - +0 flail
rCold    + . .     Faith    .   (no shield)
rNeg     + + +     Spirit   .   b - +0 leather armour
rPois    ∞         Reflect  .   c - +0 helmet
rElec    .         Harm     .   (no cloak)
rCorr    .         Rampage  .   (no gloves)
Will     .....                  (no boots)
Stlth    +.........             (no amulet)
HPRegen  0.00/turn              (no ring)
MPRegen  0.08/turn              (no ring)

@: no status effects
A: claws 1, cold resistance 1, negative energy resistance 3, inhibited
regeneration, torment resistance, unbreathing
a: no special abilities


You were on level 2 of the Dungeon.
You visited 1 branch of the dungeon, and saw 2 of its levels.

You collected 74 gold pieces.

Inventory:

Hand Weapons
 a - a +0 flail (weapon)
Missiles
 d - 3 throwing nets (quivered)
Armour
 b - a +0 leather armour (worn)
 c - a +0 helmet (worn)
Wands
 k - a wand of random effects (11)
Scrolls
 e - a scroll of teleportation {unknown}
 f - a scroll of enchant weapon {unknown}
 i - a scroll of remove curse {unknown}
Potions
 g - 2 potions of haste {unknown}
 h - a potion of heal wounds {unknown}
 j - 2 potions of berserk rage {unknown}
 l - a potion of flight {unknown}


   Skills:
 + Level 2.7 Fighting
 * Level 3.3 Maces & Flails
 - Level 1.7 Throwing
 + Level 1.2 Armour
 + Level 3.0 Dodging


You had 2 spell levels left.
You didn't know any spells.
Your spell library was empty.

Dungeon Overview and Level Annotations

Branches:
Dungeon (2/15)

Altars:


Innate Abilities, Weirdness & Mutations

You thrive by killing the living.
You are immune to poison.
You have sharp fingernails.
Your flesh is cold resistant. (rC+)
You are immune to negative energy. (rN+++)
You do not regenerate when monsters are visible.
You are immune to unholy pain and torment.
You can survive without breathing.


Message History

You are too injured to fight recklessly!
The hobgoblin hits you with a +0 whip. x2
* * * LOW HITPOINT WARNING * * *
You are too injured to fight recklessly!
You are too injured to fight recklessly!
The hobgoblin barely misses you.
You hit the hobgoblin.
The hobgoblin is moderately wounded.
The hobgoblin hits you with a +0 whip.
* * * LOW HITPOINT WARNING * * *
You barely miss the hobgoblin.
The hobgoblin is moderately wounded.
The hobgoblin barely misses you.
You thump the dart slug!
You kill the dart slug!
You feel better. The hobgoblin barely misses you.
You closely miss the hobgoblin.
The hobgoblin is moderately wounded.
The hobgoblin hits you with a +0 whip.
You die...

#......#...##.#.#
####
#......######.#.#
.....
##.....'....#.#.#
......
##....####.#...#
...... #....#
##.##### ......
#....# #.....#
......# #....#
#.....##
...)...###....#
#.†.....
≈≈≈....@.≈†...#
#.......
..≈≈..g≈..†####
#.......
≈≈≈≈≈≈≈≈≈..#
#.......
≈≈≈≈≈≈≈≈≈.≈#
#.......
≈≈≈≈≈≈≈≈≈.≈#
#.....##
≈≈≈.≈≈≈≈≈≈≈#
#######
≈≈≈._≈≈≈≈..#
≈≈≈≈..≈≈≈..#
≈≈≈≈≈≈≈≈≈≈≈#


You could see a hobgoblin.

Vanquished Creatures
  An adder (D:2)
  2 dart slugs
  A leopard gecko (D:1)
  A ball python (D:2)
  6 goblins (D:1)
  5 hobgoblins
  2 jackals (D:1)
  7 kobolds
  4 bats
  4 frilled lizards
  8 rats
41 creatures vanquished.

Notes
Turn   | Place    | Note
-------+----------+-------------------------------------------
     0 | D:1      | Borgoz the Ghoul Gladiator began the quest for the Orb.
     0 | D:1      | Reached XP level 1. HP: 17/17 MP: 0/0
   146 | D:1      | Reached XP level 2. HP: 25/25 MP: 1/1
   637 | D:1      | Reached XP level 3. HP: 30/30 MP: 2/2
   805 | D:1      | Reached skill level 1 in Armour
  1435 | D:2      | Found a faded altar of an unknown god.
  1464 | D:2      | Slain by a hobgoblin

Illustrated notes

Levels and vault maps discovered:
D:1:      shiori_arrival_maze, layout_basic, serial_rivers,
          chequers_serial_rivers_micro_e, chequers_serial_rivers_micro_a,
          chequers_serial_rivers_micro_b, chequers_serial_rivers_small_a,
          chequers_serial_rivers_room_b
D:2:      layout_basic, lemuel_crystal_altar, chequers_ecumenical_altar_island,
          minivault_4, uniq_crazy_yiuf_cottage

Skill      XL: |  1  2  3 |
---------------+----------+-----
Maces & Flails | 3 |  3.3
Armour         | 1 |  1.2
Dodging        | 3 |  3.0
Fighting       | |  2.7
Throwing       | |  1.7

Action                   || total
-------------------------++-------
Melee: Flail             ||   124
  Use: Scroll            ||     1
 Stab: Sleeping          ||     1
Armor: Leather armour    ||    36
Dodge: Dodged            ||    87
